%YAML 1.1
%TAG !u! tag:unity3d.com,2011:
--- !u!1 &3449462609565092649
GameObject:
  m_ObjectHideFlags: 0
  m_CorrespondingSourceObject: {fileID: 0}
  m_PrefabInstance: {fileID: 0}
  m_PrefabAsset: {fileID: 0}
  serializedVersion: 6
  m_Component:
  - component: {fileID: 3449462609565092650}
  - component: {fileID: 3449462609565092655}
  - component: {fileID: 3449462609565092654}
  - component: {fileID: 3449462609565092653}
  - component: {fileID: 3449462609565092652}
  - component: {fileID: 3449462609565092651}
  - component: {fileID: 3449462609565092640}
  m_Layer: 5
  m_Name: Dynamic Stage Overview
  m_TagString: Untagged
  m_Icon: {fileID: 0}
  m_NavMeshLayer: 0
  m_StaticEditorFlags: 0
  m_IsActive: 1
--- !u!224 &3449462609565092650
RectTransform:
  m_ObjectHideFlags: 0
  m_CorrespondingSourceObject: {fileID: 0}
  m_PrefabInstance: {fileID: 0}
  m_PrefabAsset: {fileID: 0}
  m_GameObject: {fileID: 3449462609565092649}
  m_LocalRotation: {x: -0, y: -0, z: -0, w: 1}
  m_LocalPosition: {x: 0, y: 0, z: 0}
  m_LocalScale: {x: 0.005, y: 0.005, z: 0.005}
  m_ConstrainProportionsScale: 0
  m_Children:
  - {fileID: 3449462609848999299}
  - {fileID: 3587389504120230205}
  m_Father: {fileID: 0}
  m_RootOrder: 0
  m_LocalEulerAnglesHint: {x: 0, y: 0, z: 0}
  m_AnchorMin: {x: 0, y: 0}
  m_AnchorMax: {x: 0, y: 0}
  m_AnchoredPosition: {x: 0, y: 1}
  m_SizeDelta: {x: 120, y: 0}
  m_Pivot: {x: 0.5, y: 1}
--- !u!223 &3449462609565092655
Canvas:
  m_ObjectHideFlags: 0
  m_CorrespondingSourceObject: {fileID: 0}
  m_PrefabInstance: {fileID: 0}
  m_PrefabAsset: {fileID: 0}
  m_GameObject: {fileID: 3449462609565092649}
  m_Enabled: 1
  serializedVersion: 3
  m_RenderMode: 2
  m_Camera: {fileID: 0}
  m_PlaneDistance: 100
  m_PixelPerfect: 0
  m_ReceivesEvents: 1
  m_OverrideSorting: 0
  m_OverridePixelPerfect: 0
  m_SortingBucketNormalizedSize: 0
  m_AdditionalShaderChannelsFlag: 25
  m_SortingLayerID: 0
  m_SortingOrder: 0
  m_TargetDisplay: 0
--- !u!114 &3449462609565092654
MonoBehaviour:
  m_ObjectHideFlags: 0
  m_CorrespondingSourceObject: {fileID: 0}
  m_PrefabInstance: {fileID: 0}
  m_PrefabAsset: {fileID: 0}
  m_GameObject: {fileID: 3449462609565092649}
  m_Enabled: 1
  m_EditorHideFlags: 0
  m_Script: {fileID: 11500000, guid: 0cd44c1031e13a943bb63640046fad76, type: 3}
  m_Name: 
  m_EditorClassIdentifier: 
  m_UiScaleMode: 0
  m_ReferencePixelsPerUnit: 100
  m_ScaleFactor: 1
  m_ReferenceResolution: {x: 800, y: 600}
  m_ScreenMatchMode: 0
  m_MatchWidthOrHeight: 0
  m_PhysicalUnit: 3
  m_FallbackScreenDPI: 96
  m_DefaultSpriteDPI: 96
  m_DynamicPixelsPerUnit: 1
  m_PresetInfoIsWorld: 0
--- !u!114 &3449462609565092653
MonoBehaviour:
  m_ObjectHideFlags: 0
  m_CorrespondingSourceObject: {fileID: 0}
  m_PrefabInstance: {fileID: 0}
  m_PrefabAsset: {fileID: 0}
  m_GameObject: {fileID: 3449462609565092649}
  m_Enabled: 1
  m_EditorHideFlags: 0
  m_Script: {fileID: 11500000, guid: dc42784cf147c0c48a680349fa168899, type: 3}
  m_Name: 
  m_EditorClassIdentifier: 
  m_IgnoreReversedGraphics: 1
  m_BlockingObjects: 0
  m_BlockingMask:
    serializedVersion: 2
    m_Bits: 4294967295
--- !u!222 &3449462609565092652
CanvasRenderer:
  m_ObjectHideFlags: 0
  m_CorrespondingSourceObject: {fileID: 0}
  m_PrefabInstance: {fileID: 0}
  m_PrefabAsset: {fileID: 0}
  m_GameObject: {fileID: 3449462609565092649}
  m_CullTransparentMesh: 1
--- !u!114 &3449462609565092651
MonoBehaviour:
  m_ObjectHideFlags: 0
  m_CorrespondingSourceObject: {fileID: 0}
  m_PrefabInstance: {fileID: 0}
  m_PrefabAsset: {fileID: 0}
  m_GameObject: {fileID: 3449462609565092649}
  m_Enabled: 1
  m_EditorHideFlags: 0
  m_Script: {fileID: 11500000, guid: 59f8146938fff824cb5fd77236b75775, type: 3}
  m_Name: 
  m_EditorClassIdentifier: 
  m_Padding:
    m_Left: 0
    m_Right: 0
    m_Top: 0
    m_Bottom: 0
  m_ChildAlignment: 1
  m_Spacing: 0
  m_ChildForceExpandWidth: 0
  m_ChildForceExpandHeight: 0
  m_ChildControlWidth: 1
  m_ChildControlHeight: 0
  m_ChildScaleWidth: 0
  m_ChildScaleHeight: 0
  m_ReverseArrangement: 0
--- !u!114 &3449462609565092640
MonoBehaviour:
  m_ObjectHideFlags: 0
  m_CorrespondingSourceObject: {fileID: 0}
  m_PrefabInstance: {fileID: 0}
  m_PrefabAsset: {fileID: 0}
  m_GameObject: {fileID: 3449462609565092649}
  m_Enabled: 1
  m_EditorHideFlags: 0
  m_Script: {fileID: 11500000, guid: 3245ec927659c4140ac4f8d17403cc18, type: 3}
  m_Name: 
  m_EditorClassIdentifier: 
  m_HorizontalFit: 0
  m_VerticalFit: 2
--- !u!1 &3449462609848999298
GameObject:
  m_ObjectHideFlags: 0
  m_CorrespondingSourceObject: {fileID: 0}
  m_PrefabInstance: {fileID: 0}
  m_PrefabAsset: {fileID: 0}
  serializedVersion: 6
  m_Component:
  - component: {fileID: 3449462609848999299}
  - component: {fileID: 3449462609848999301}
  - component: {fileID: 3449462609848999300}
  m_Layer: 5
  m_Name: Stage Overview Title
  m_TagString: Untagged
  m_Icon: {fileID: 0}
  m_NavMeshLayer: 0
  m_StaticEditorFlags: 0
  m_IsActive: 1
--- !u!224 &3449462609848999299
RectTransform:
  m_ObjectHideFlags: 0
  m_CorrespondingSourceObject: {fileID: 0}
  m_PrefabInstance: {fileID: 0}
  m_PrefabAsset: {fileID: 0}
  m_GameObject: {fileID: 3449462609848999298}
  m_LocalRotation: {x: -0, y: -0, z: -0, w: 1}
  m_LocalPosition: {x: 0, y: 0, z: 0}
  m_LocalScale: {x: 1, y: 1, z: 1}
  m_ConstrainProportionsScale: 0
  m_Children: []
  m_Father: {fileID: 3449462609565092650}
  m_RootOrder: 0
  m_LocalEulerAnglesHint: {x: 0, y: 0, z: 0}
  m_AnchorMin: {x: 0, y: 0}
  m_AnchorMax: {x: 0, y: 0}
  m_AnchoredPosition: {x: 0, y: 0}
  m_SizeDelta: {x: 0, y: 15}
  m_Pivot: {x: 0.5, y: 0.5}
--- !u!222 &3449462609848999301
CanvasRenderer:
  m_ObjectHideFlags: 0
  m_CorrespondingSourceObject: {fileID: 0}
  m_PrefabInstance: {fileID: 0}
  m_PrefabAsset: {fileID: 0}
  m_GameObject: {fileID: 3449462609848999298}
  m_CullTransparentMesh: 1
--- !u!114 &3449462609848999300
MonoBehaviour:
  m_ObjectHideFlags: 0
  m_CorrespondingSourceObject: {fileID: 0}
  m_PrefabInstance: {fileID: 0}
  m_PrefabAsset: {fileID: 0}
  m_GameObject: {fileID: 3449462609848999298}
  m_Enabled: 1
  m_EditorHideFlags: 0
  m_Script: {fileID: 11500000, guid: f4688fdb7df04437aeb418b961361dc5, type: 3}
  m_Name: 
  m_EditorClassIdentifier: 
  m_Material: {fileID: 0}
  m_Color: {r: 1, g: 1, b: 1, a: 1}
  m_RaycastTarget: 1
  m_RaycastPadding: {x: 0, y: 0, z: 0, w: 0}
  m_Maskable: 1
  m_OnCullStateChanged:
    m_PersistentCalls:
      m_Calls: []
  m_text: Stage Overview
  m_isRightToLeft: 0
  m_fontAsset: {fileID: 11400000, guid: 8f586378b4e144a9851e7b34d9b748ee, type: 2}
  m_sharedMaterial: {fileID: 2180264, guid: 8f586378b4e144a9851e7b34d9b748ee, type: 2}
  m_fontSharedMaterials: []
  m_fontMaterial: {fileID: 0}
  m_fontMaterials: []
  m_fontColor32:
    serializedVersion: 2
    rgba: 4294967295
  m_fontColor: {r: 1, g: 1, b: 1, a: 1}
  m_enableVertexGradient: 0
  m_colorMode: 3
  m_fontColorGradient:
    topLeft: {r: 1, g: 1, b: 1, a: 1}
    topRight: {r: 1, g: 1, b: 1, a: 1}
    bottomLeft: {r: 1, g: 1, b: 1, a: 1}
    bottomRight: {r: 1, g: 1, b: 1, a: 1}
  m_fontColorGradientPreset: {fileID: 0}
  m_spriteAsset: {fileID: 0}
  m_tintAllSprites: 0
  m_StyleSheet: {fileID: 0}
  m_TextStyleHashCode: -1183493901
  m_overrideHtmlColors: 0
  m_faceColor:
    serializedVersion: 2
    rgba: 4294967295
  m_fontSize: 13.4
  m_fontSizeBase: 36
  m_fontWeight: 400
  m_enableAutoSizing: 1
  m_fontSizeMin: 5
  m_fontSizeMax: 72
  m_fontStyle: 0
  m_HorizontalAlignment: 2
  m_VerticalAlignment: 512
  m_textAlignment: 65535
  m_characterSpacing: 0
  m_wordSpacing: 0
  m_lineSpacing: 0
  m_lineSpacingMax: 0
  m_paragraphSpacing: 0
  m_charWidthMaxAdj: 0
  m_enableWordWrapping: 0
  m_wordWrappingRatios: 0.4
  m_overflowMode: 0
  m_linkedTextComponent: {fileID: 0}
  parentLinkedComponent: {fileID: 0}
  m_enableKerning: 1
  m_enableExtraPadding: 0
  checkPaddingRequired: 0
  m_isRichText: 1
  m_parseCtrlCharacters: 1
  m_isOrthographic: 1
  m_isCullingEnabled: 0
  m_horizontalMapping: 0
  m_verticalMapping: 0
  m_uvLineOffset: 0
  m_geometrySortingOrder: 0
  m_IsTextObjectScaleStatic: 0
  m_VertexBufferAutoSizeReduction: 0
  m_useMaxVisibleDescender: 1
  m_pageToDisplay: 1
  m_margin: {x: 0, y: 0, z: 0, w: 0}
  m_isUsingLegacyAnimationComponent: 0
  m_isVolumetricText: 0
  m_hasFontAssetChanged: 0
  m_baseMaterial: {fileID: 0}
  m_maskOffset: {x: 0, y: 0, z: 0, w: 0}
--- !u!1 &8525416141192438673
GameObject:
  m_ObjectHideFlags: 0
  m_CorrespondingSourceObject: {fileID: 0}
  m_PrefabInstance: {fileID: 0}
  m_PrefabAsset: {fileID: 0}
  serializedVersion: 6
  m_Component:
  - component: {fileID: 3587389504120230205}
  - component: {fileID: 5118578289987147962}
  m_Layer: 5
  m_Name: Stage Overview Body
  m_TagString: Untagged
  m_Icon: {fileID: 0}
  m_NavMeshLayer: 0
  m_StaticEditorFlags: 0
  m_IsActive: 1
--- !u!224 &3587389504120230205
RectTransform:
  m_ObjectHideFlags: 0
  m_CorrespondingSourceObject: {fileID: 0}
  m_PrefabInstance: {fileID: 0}
  m_PrefabAsset: {fileID: 0}
  m_GameObject: {fileID: 8525416141192438673}
  m_LocalRotation: {x: 0, y: 0, z: 0, w: 1}
  m_LocalPosition: {x: 0, y: 0, z: 0}
  m_LocalScale: {x: 1, y: 1, z: 1}
  m_ConstrainProportionsScale: 0
  m_Children:
  - {fileID: 2444567996083854390}
  - {fileID: 4169089349579556678}
  m_Father: {fileID: 3449462609565092650}
  m_RootOrder: 1
  m_LocalEulerAnglesHint: {x: 0, y: 0, z: 0}
  m_AnchorMin: {x: 0, y: 0}
  m_AnchorMax: {x: 0, y: 0}
  m_AnchoredPosition: {x: 0, y: 0}
  m_SizeDelta: {x: 0, y: 100}
  m_Pivot: {x: 0.5, y: 0.5}
--- !u!114 &5118578289987147962
MonoBehaviour:
  m_ObjectHideFlags: 0
  m_CorrespondingSourceObject: {fileID: 0}
  m_PrefabInstance: {fileID: 0}
  m_PrefabAsset: {fileID: 0}
  m_GameObject: {fileID: 8525416141192438673}
  m_Enabled: 1
  m_EditorHideFlags: 0
  m_Script: {fileID: 11500000, guid: 30649d3a9faa99c48a7b1166b86bf2a0, type: 3}
  m_Name: 
  m_EditorClassIdentifier: 
  m_Padding:
    m_Left: 0
    m_Right: 0
    m_Top: 0
    m_Bottom: 0
  m_ChildAlignment: 0
  m_Spacing: 5
  m_ChildForceExpandWidth: 0
  m_ChildForceExpandHeight: 0
  m_ChildControlWidth: 1
  m_ChildControlHeight: 0
  m_ChildScaleWidth: 0
  m_ChildScaleHeight: 0
  m_ReverseArrangement: 0
--- !u!1001 &126043328433251814
PrefabInstance:
  m_ObjectHideFlags: 0
  serializedVersion: 2
  m_Modification:
    m_TransformParent: {fileID: 3587389504120230205}
    m_Modifications:
    - target: {fileID: 4063477294694376096, guid: bbebc318e56e3454f9a604060a3df178,
        type: 3}
      propertyPath: m_Pivot.x
      value: 0.5
      objectReference: {fileID: 0}
    - target: {fileID: 4063477294694376096, guid: bbebc318e56e3454f9a604060a3df178,
        type: 3}
      propertyPath: m_Pivot.y
      value: 1
      objectReference: {fileID: 0}
    - target: {fileID: 4063477294694376096, guid: bbebc318e56e3454f9a604060a3df178,
        type: 3}
      propertyPath: m_RootOrder
      value: 1
      objectReference: {fileID: 0}
    - target: {fileID: 4063477294694376096, guid: bbebc318e56e3454f9a604060a3df178,
        type: 3}
      propertyPath: m_AnchorMax.x
      value: 0
      objectReference: {fileID: 0}
    - target: {fileID: 4063477294694376096, guid: bbebc318e56e3454f9a604060a3df178,
        type: 3}
      propertyPath: m_AnchorMax.y
      value: 0
      objectReference: {fileID: 0}
    - target: {fileID: 4063477294694376096, guid: bbebc318e56e3454f9a604060a3df178,
        type: 3}
      propertyPath: m_AnchorMin.x
      value: 0
      objectReference: {fileID: 0}
    - target: {fileID: 4063477294694376096, guid: bbebc318e56e3454f9a604060a3df178,
        type: 3}
      propertyPath: m_AnchorMin.y
      value: 0
      objectReference: {fileID: 0}
    - target: {fileID: 4063477294694376096, guid: bbebc318e56e3454f9a604060a3df178,
        type: 3}
      propertyPath: m_SizeDelta.x
      value: 57.5
      objectReference: {fileID: 0}
    - target: {fileID: 4063477294694376096, guid: bbebc318e56e3454f9a604060a3df178,
        type: 3}
      propertyPath: m_SizeDelta.y
      value: 0
      objectReference: {fileID: 0}
    - target: {fileID: 4063477294694376096, guid: bbebc318e56e3454f9a604060a3df178,
        type: 3}
      propertyPath: m_LocalPosition.x
      value: 0
      objectReference: {fileID: 0}
    - target: {fileID: 4063477294694376096, guid: bbebc318e56e3454f9a604060a3df178,
        type: 3}
      propertyPath: m_LocalPosition.y
      value: 0
      objectReference: {fileID: 0}
    - target: {fileID: 4063477294694376096, guid: bbebc318e56e3454f9a604060a3df178,
        type: 3}
      propertyPath: m_LocalPosition.z
      value: 0
      objectReference: {fileID: 0}
    - target: {fileID: 4063477294694376096, guid: bbebc318e56e3454f9a604060a3df178,
        type: 3}
      propertyPath: m_LocalRotation.w
      value: 1
      objectReference: {fileID: 0}
    - target: {fileID: 4063477294694376096, guid: bbebc318e56e3454f9a604060a3df178,
        type: 3}
      propertyPath: m_LocalRotation.x
      value: -0
      objectReference: {fileID: 0}
    - target: {fileID: 4063477294694376096, guid: bbebc318e56e3454f9a604060a3df178,
        type: 3}
      propertyPath: m_LocalRotation.y
      value: -0
      objectReference: {fileID: 0}
    - target: {fileID: 4063477294694376096, guid: bbebc318e56e3454f9a604060a3df178,
        type: 3}
      propertyPath: m_LocalRotation.z
      value: -0
      objectReference: {fileID: 0}
    - target: {fileID: 4063477294694376096, guid: bbebc318e56e3454f9a604060a3df178,
        type: 3}
      propertyPath: m_AnchoredPosition.x
      value: 91.25
      objectReference: {fileID: 0}
    - target: {fileID: 4063477294694376096, guid: bbebc318e56e3454f9a604060a3df178,
        type: 3}
      propertyPath: m_AnchoredPosition.y
      value: 0
      objectReference: {fileID: 0}
    - target: {fileID: 4063477294694376096, guid: bbebc318e56e3454f9a604060a3df178,
        type: 3}
      propertyPath: m_LocalEulerAnglesHint.x
      value: 0
      objectReference: {fileID: 0}
    - target: {fileID: 4063477294694376096, guid: bbebc318e56e3454f9a604060a3df178,
        type: 3}
      propertyPath: m_LocalEulerAnglesHint.y
      value: 0
      objectReference: {fileID: 0}
    - target: {fileID: 4063477294694376096, guid: bbebc318e56e3454f9a604060a3df178,
        type: 3}
      propertyPath: m_LocalEulerAnglesHint.z
      value: 0
      objectReference: {fileID: 0}
    - target: {fileID: 4188258462055727464, guid: bbebc318e56e3454f9a604060a3df178,
        type: 3}
      propertyPath: m_AnchorMax.y
      value: 0
      objectReference: {fileID: 0}
    - target: {fileID: 4188258462055727464, guid: bbebc318e56e3454f9a604060a3df178,
        type: 3}
      propertyPath: m_AnchorMin.y
      value: 0
      objectReference: {fileID: 0}
    - target: {fileID: 4188258462055727464, guid: bbebc318e56e3454f9a604060a3df178,
        type: 3}
      propertyPath: m_SizeDelta.x
      value: 0
      objectReference: {fileID: 0}
    - target: {fileID: 4188258462055727464, guid: bbebc318e56e3454f9a604060a3df178,
        type: 3}
      propertyPath: m_AnchoredPosition.x
      value: 0
      objectReference: {fileID: 0}
    - target: {fileID: 4188258462055727464, guid: bbebc318e56e3454f9a604060a3df178,
        type: 3}
      propertyPath: m_AnchoredPosition.y
      value: 0
      objectReference: {fileID: 0}
    - target: {fileID: 9161091066839012780, guid: bbebc318e56e3454f9a604060a3df178,
        type: 3}
      propertyPath: m_Name
      value: Stage Column
      objectReference: {fileID: 0}
    m_RemovedComponents: []
  m_SourcePrefab: {fileID: 100100000, guid: bbebc318e56e3454f9a604060a3df178, type: 3}
--- !u!224 &4169089349579556678 stripped
RectTransform:
  m_CorrespondingSourceObject: {fileID: 4063477294694376096, guid: bbebc318e56e3454f9a604060a3df178,
    type: 3}
  m_PrefabInstance: {fileID: 126043328433251814}
  m_PrefabAsset: {fileID: 0}
--- !u!1001 &1839868546923003542
PrefabInstance:
  m_ObjectHideFlags: 0
  serializedVersion: 2
  m_Modification:
    m_TransformParent: {fileID: 3587389504120230205}
    m_Modifications:
    - target: {fileID: 4020016784075518097, guid: bbebc318e56e3454f9a604060a3df178,
        type: 3}
      propertyPath: groupName
      value: Introduction
      objectReference: {fileID: 0}
    - target: {fileID: 4020016784075518097, guid: bbebc318e56e3454f9a604060a3df178,
        type: 3}
      propertyPath: scenes.Array.size
      value: 3
      objectReference: {fileID: 0}
    - target: {fileID: 4020016784075518097, guid: bbebc318e56e3454f9a604060a3df178,
        type: 3}
      propertyPath: scenes.Array.data[0].name
      value: Language Selection
      objectReference: {fileID: 0}
    - target: {fileID: 4020016784075518097, guid: bbebc318e56e3454f9a604060a3df178,
        type: 3}
      propertyPath: scenes.Array.data[1].name
      value: Tutorial
      objectReference: {fileID: 0}
    - target: {fileID: 4020016784075518097, guid: bbebc318e56e3454f9a604060a3df178,
        type: 3}
      propertyPath: scenes.Array.data[2].name
      value: Rendering Pipeline
      objectReference: {fileID: 0}
    - target: {fileID: 4020016784075518097, guid: bbebc318e56e3454f9a604060a3df178,
        type: 3}
      propertyPath: scenes.Array.data[3].name
      value: Image
      objectReference: {fileID: 0}
    - target: {fileID: 4020016784075518097, guid: bbebc318e56e3454f9a604060a3df178,
        type: 3}
      propertyPath: scenes.Array.data[4].name
      value: Image
      objectReference: {fileID: 0}
    - target: {fileID: 4020016784075518097, guid: bbebc318e56e3454f9a604060a3df178,
        type: 3}
      propertyPath: scenes.Array.data[5].name
      value: Image
      objectReference: {fileID: 0}
    - target: {fileID: 4020016784075518097, guid: bbebc318e56e3454f9a604060a3df178,
        type: 3}
      propertyPath: scenes.Array.data[6].name
      value: Image
      objectReference: {fileID: 0}
    - target: {fileID: 4020016784075518097, guid: bbebc318e56e3454f9a604060a3df178,
        type: 3}
      propertyPath: scenes.Array.data[7].name
      value: Image
      objectReference: {fileID: 0}
    - target: {fileID: 4020016784075518097, guid: bbebc318e56e3454f9a604060a3df178,
        type: 3}
      propertyPath: scenes.Array.data[0].scene
      value: 2
      objectReference: {fileID: 0}
    - target: {fileID: 4020016784075518097, guid: bbebc318e56e3454f9a604060a3df178,
        type: 3}
      propertyPath: scenes.Array.data[1].scene
      value: 3
      objectReference: {fileID: 0}
    - target: {fileID: 4020016784075518097, guid: bbebc318e56e3454f9a604060a3df178,
        type: 3}
      propertyPath: scenes.Array.data[2].scene
      value: 4
      objectReference: {fileID: 0}
    - target: {fileID: 4020016784075518097, guid: bbebc318e56e3454f9a604060a3df178,
        type: 3}
      propertyPath: scenes.Array.data[3].scene
      value: 16
      objectReference: {fileID: 0}
    - target: {fileID: 4020016784075518097, guid: bbebc318e56e3454f9a604060a3df178,
        type: 3}
      propertyPath: scenes.Array.data[4].scene
      value: 16
      objectReference: {fileID: 0}
    - target: {fileID: 4020016784075518097, guid: bbebc318e56e3454f9a604060a3df178,
        type: 3}
      propertyPath: scenes.Array.data[5].scene
      value: 16
      objectReference: {fileID: 0}
    - target: {fileID: 4020016784075518097, guid: bbebc318e56e3454f9a604060a3df178,
        type: 3}
      propertyPath: scenes.Array.data[6].scene
      value: 16
      objectReference: {fileID: 0}
    - target: {fileID: 4020016784075518097, guid: bbebc318e56e3454f9a604060a3df178,
        type: 3}
      propertyPath: scenes.Array.data[7].scene
      value: 16
      objectReference: {fileID: 0}
    - target: {fileID: 4063477294694376096, guid: bbebc318e56e3454f9a604060a3df178,
        type: 3}
      propertyPath: m_Pivot.x
      value: 0.5
      objectReference: {fileID: 0}
    - target: {fileID: 4063477294694376096, guid: bbebc318e56e3454f9a604060a3df178,
        type: 3}
      propertyPath: m_Pivot.y
      value: 1
      objectReference: {fileID: 0}
    - target: {fileID: 4063477294694376096, guid: bbebc318e56e3454f9a604060a3df178,
        type: 3}
      propertyPath: m_RootOrder
      value: 0
      objectReference: {fileID: 0}
    - target: {fileID: 4063477294694376096, guid: bbebc318e56e3454f9a604060a3df178,
        type: 3}
      propertyPath: m_AnchorMax.x
      value: 0
      objectReference: {fileID: 0}
    - target: {fileID: 4063477294694376096, guid: bbebc318e56e3454f9a604060a3df178,
        type: 3}
      propertyPath: m_AnchorMax.y
      value: 0
      objectReference: {fileID: 0}
    - target: {fileID: 4063477294694376096, guid: bbebc318e56e3454f9a604060a3df178,
        type: 3}
      propertyPath: m_AnchorMin.x
      value: 0
      objectReference: {fileID: 0}
    - target: {fileID: 4063477294694376096, guid: bbebc318e56e3454f9a604060a3df178,
        type: 3}
      propertyPath: m_AnchorMin.y
      value: 0
      objectReference: {fileID: 0}
    - target: {fileID: 4063477294694376096, guid: bbebc318e56e3454f9a604060a3df178,
        type: 3}
      propertyPath: m_SizeDelta.x
      value: 57.5
      objectReference: {fileID: 0}
    - target: {fileID: 4063477294694376096, guid: bbebc318e56e3454f9a604060a3df178,
        type: 3}
      propertyPath: m_SizeDelta.y
      value: 0
      objectReference: {fileID: 0}
    - target: {fileID: 4063477294694376096, guid: bbebc318e56e3454f9a604060a3df178,
        type: 3}
      propertyPath: m_LocalPosition.x
      value: 0
      objectReference: {fileID: 0}
    - target: {fileID: 4063477294694376096, guid: bbebc318e56e3454f9a604060a3df178,
        type: 3}
      propertyPath: m_LocalPosition.y
      value: 0
      objectReference: {fileID: 0}
    - target: {fileID: 4063477294694376096, guid: bbebc318e56e3454f9a604060a3df178,
        type: 3}
      propertyPath: m_LocalPosition.z
      value: 0
      objectReference: {fileID: 0}
    - target: {fileID: 4063477294694376096, guid: bbebc318e56e3454f9a604060a3df178,
        type: 3}
      propertyPath: m_LocalRotation.w
      value: 1
      objectReference: {fileID: 0}
    - target: {fileID: 4063477294694376096, guid: bbebc318e56e3454f9a604060a3df178,
        type: 3}
      propertyPath: m_LocalRotation.x
      value: -0
      objectReference: {fileID: 0}
    - target: {fileID: 4063477294694376096, guid: bbebc318e56e3454f9a604060a3df178,
        type: 3}
      propertyPath: m_LocalRotation.y
      value: -0
      objectReference: {fileID: 0}
    - target: {fileID: 4063477294694376096, guid: bbebc318e56e3454f9a604060a3df178,
        type: 3}
      propertyPath: m_LocalRotation.z
      value: -0
      objectReference: {fileID: 0}
    - target: {fileID: 4063477294694376096, guid: bbebc318e56e3454f9a604060a3df178,
        type: 3}
      propertyPath: m_AnchoredPosition.x
      value: 28.75
      objectReference: {fileID: 0}
    - target: {fileID: 4063477294694376096, guid: bbebc318e56e3454f9a604060a3df178,
        type: 3}
      propertyPath: m_AnchoredPosition.y
      value: 0
      objectReference: {fileID: 0}
    - target: {fileID: 4063477294694376096, guid: bbebc318e56e3454f9a604060a3df178,
        type: 3}
      propertyPath: m_LocalEulerAnglesHint.x
      value: 0
      objectReference: {fileID: 0}
    - target: {fileID: 4063477294694376096, guid: bbebc318e56e3454f9a604060a3df178,
        type: 3}
      propertyPath: m_LocalEulerAnglesHint.y
      value: 0
      objectReference: {fileID: 0}
    - target: {fileID: 4063477294694376096, guid: bbebc318e56e3454f9a604060a3df178,
        type: 3}
      propertyPath: m_LocalEulerAnglesHint.z
      value: 0
      objectReference: {fileID: 0}
    - target: {fileID: 4188258462055727464, guid: bbebc318e56e3454f9a604060a3df178,
        type: 3}
      propertyPath: m_AnchorMax.y
      value: 0
      objectReference: {fileID: 0}
    - target: {fileID: 4188258462055727464, guid: bbebc318e56e3454f9a604060a3df178,
        type: 3}
      propertyPath: m_AnchorMin.y
      value: 0
      objectReference: {fileID: 0}
    - target: {fileID: 4188258462055727464, guid: bbebc318e56e3454f9a604060a3df178,
        type: 3}
      propertyPath: m_SizeDelta.x
      value: 0
      objectReference: {fileID: 0}
    - target: {fileID: 4188258462055727464, guid: bbebc318e56e3454f9a604060a3df178,
        type: 3}
      propertyPath: m_AnchoredPosition.x
      value: 0
      objectReference: {fileID: 0}
    - target: {fileID: 4188258462055727464, guid: bbebc318e56e3454f9a604060a3df178,
        type: 3}
      propertyPath: m_AnchoredPosition.y
      value: 0
      objectReference: {fileID: 0}
    - target: {fileID: 9161091066839012780, guid: bbebc318e56e3454f9a604060a3df178,
        type: 3}
      propertyPath: m_Name
      value: Introduction Column
      objectReference: {fileID: 0}
    m_RemovedComponents: []
  m_SourcePrefab: {fileID: 100100000, guid: bbebc318e56e3454f9a604060a3df178, type: 3}
--- !u!224 &2444567996083854390 stripped
RectTransform:
  m_CorrespondingSourceObject: {fileID: 4063477294694376096, guid: bbebc318e56e3454f9a604060a3df178,
    type: 3}
  m_PrefabInstance: {fileID: 1839868546923003542}
  m_PrefabAsset: {fileID: 0}
